 Dungeon Crawl Stone Soup version 0.30-a0-305-g026cb31310 (webtiles) character file.

Game seed: 8077134518379126204

3903 sleeves the Basher (level 10, 0/67 HPs)
             Began as a Formicid Warper on Oct 21, 2022.
             Was an Elder of Okawaru.
             Slain by a wight
             ... wielding a +3 battleaxe of freezing
              (1 damage)
             ... on level 8 of the Dungeon.
             The game lasted 00:10:53 (7842 turns).

sleeves the Basher (Formicid Warper)                Turns: 7842, Time: 00:10:53

Health: 0/67       AC: 12    Str: 25    XL:     10   Next: 43%
Magic:  13/13      EV:  9    Int: 14    God:    Okawaru [****..]
Gold:   307        SH: 10    Dex: 13    Spells: 13/13 levels left

rFire   . . .      SeeInvis +    F - +9 great mace of Doors {freeze, Str+6}
rCold   . . .      Faith    +    I - +0 kite shield
rNeg    . . .      Spirit   .    r - +3 scale mail
rPois   .          Reflect  .    (helmet unavailable)
rElec   .          Harm     .    x - +1 cloak
rCorr   .          Rampage  .    (no gloves)
Will    +....                    s - +0 pair of boots
Stlth   ..........               m - amulet of faith
HPRegen 0.31/turn                (no ring)
MPRegen 0.13/turn                (no ring)

@: no status effects
A: permanent stasis, dig shafts and tunnels, antennae 3, four strong arms
a: Dig, Shaft Self, Renounce Religion, Heroism, Finesse


You were on level 8 of the Dungeon.
You worshipped Okawaru.
Okawaru was greatly pleased with you.
You visited 1 branch of the dungeon, and saw 8 of its levels.

You collected 514 gold pieces.
You spent 207 gold pieces at shops.

Inventory:

Hand Weapons
 p - a +2 vorpal mace
   (You found it on level 2 of the Dungeon)
 y - a +4 quarterstaff of chaos
   (You took it off Crazy Yiuf on level 3 of the Dungeon)
 E - a +0 giant spiked club
   (You took it off an ogre on level 5 of the Dungeon)
 F - the +9 great mace of Doors (weapon) {freeze, Str+6}
   (You bought it in a shop on level 6 of the Dungeon)

   It freezes those it strikes, dealing additional cold damage.
   It can also slow down cold-blooded creatures.
   Str:       It affects your strength (+6).
Missiles
 c - 2 boomerangs of dispersal
 n - a throwing net
 o - 32 poisoned darts (quivered)
 D - 3 javelins
Armour
 r - a +3 scale mail (worn)
   (You took it off Terence on level 2 of the Dungeon)
 s - a +0 pair of boots (worn)
   (You found it on level 3 of the Dungeon)
 x - a +1 cloak (worn)
   (You took it off Crazy Yiuf on level 3 of the Dungeon)
 I - a +0 kite shield (worn)
   (You found it on level 7 of the Dungeon)
Jewellery
 m - an amulet of faith (around neck)
   (You found it on level 2 of the Dungeon)
 J - a +6 ring of intelligence
   (You took it off a centaur on level 7 of the Dungeon)
 L - an amulet of guardian spirit
   (You found it on level 7 of the Dungeon)
Wands
 t - a wand of mindburst (12)
   (You found it on level 3 of the Dungeon)
 u - a wand of polymorph (13)
   (You found it on level 3 of the Dungeon)
 v - a wand of roots (19)
   (You found it on level 3 of the Dungeon)
 B - a wand of acid (8)
   (You found it on level 4 of the Dungeon)
 G - a wand of digging (6)
   (You found it on level 7 of the Dungeon)
Scrolls
 a - a scroll of enchant weapon {unknown}
 e - 4 scrolls of immolation {unknown}
 h - 2 scrolls of amnesia {unknown}
 i - 8 scrolls of identify {unknown}
 j - a scroll of enchant armour {unknown}
 k - 2 scrolls of summoning {unknown}
 l - a scroll of fog {unknown}
 q - 2 scrolls of vulnerability {unknown}
 z - 4 scrolls of teleportation
 A - a scroll of poison {unknown}
 K - a scroll of noise {unknown}
 M - a scroll of magic mapping {unknown}
Potions
 b - 2 potions of ambrosia {unknown}
 d - 2 potions of brilliance {unknown}
 f - 3 potions of mutation {unknown}
 g - 4 potions of curing {unknown}
 w - a potion of berserk rage {unknown}
 C - a potion of degeneration {unknown}
 H - a potion of heal wounds


   Skills:
 - Level 2.1 Fighting
 + Level 13.1 Maces & Flails
 - Level 1.0 Throwing
 - Level 1.1 Armour
 - Level 1.7 Dodging
 + Level 7.7 Shields
 - Level 2.1 Spellcasting
 - Level 2.6 Translocations


You had 13 spell levels left.
You didn't know any spells.
Your spell library contained the following spells:

 Spells                   Type           Power      Damage    Failure   Level
 Momentum Strike          Conj/Tloc      10%        3d8       71%         2
 Necrotise                Necr           4%         1d4       75%         1
 Gell's Gravitas          Tloc           9%         N/A       75%         3
 Lesser Beckoning         Tloc           18%        N/A       75%         3
 Teleport Other           Tloc           9%         N/A       75%         3
 Sublimation of Blood     Necr           1%         N/A       87%         2
 Vhi's Electric Charge    Tloc/Air       10%        N/A       90%         3
 Vampiric Draining        Necr           1%         2d6       98%         3
 Manifold Assault         Tloc           9%         N/A       98%         4
 Petrify                  Tmut/Erth      1%         N/A       100%        4
 Agony                    Necr           1%         N/A       100%        5
 Irradiate                Conj/Tmut      0%         3d11      100%        5
 Dispersal                Tloc           4%         N/A       100%        6
 Blink                    Tloc           Unusable   N/A       N/A         2

Dungeon Overview and Level Annotations

Branches:
Dungeon (8/15)             Temple (0/1) D:7            Lair (0/5) D:8

Altars:
Gozag
Okawaru
Qazlal
Yredelemnul
Zin

Shops:
D:6 (


Innate Abilities, Weirdness & Mutations

You cannot be hasted, slowed, berserked, paralysed or teleported.
You can dig through walls and to a lower floor.
You have a pair of large antennae on your head. (SInv)
Your four strong arms can wield two-handed weapons with a shield.


Message History

You sock the black bear! You freeze the black bear.
The black bear is heavily wounded.
The black bear bites you.
The black bear claws you but does no damage. x2
You sock the black bear! You freeze the black bear.
You kill the black bear!
Okawaru accepts your kill.
No target in view!
There is an open door here.
You open the door.
There is an open door here.
Items here: ))) ÷.
Things that are here:
a +0 mace; a +0 ring mail Done exploring.
Done exploring.
Done exploring.
No target in view!
(D) Dungeon
Where to? (Enter - D:5 @ (x,y), ? - help)
Things that are here:
a +0 mace; a +0 ring mail
Items here: ))) ÷.
There is an open door here.
There is an open door here.
There is a stone staircase leading down here.
You climb downwards.
There is a stone staircase leading up here.
Found 9 stones.
You now have 202 gold pieces (gained 13).
G - a wand of digging (6)
Found 5 stones.
Found a stone staircase leading down.
A steam dragon comes into view.
Found an escape hatch in the ceiling.
The steam dragon hisses angrily.
A steam dragon is nearby!
A steam dragon is nearby!
Found a pair of boots.
The steam dragon breathes steam at you. The ball of steam hits you!!
You are engulfed in a cloud of scalding steam.
* * * LOW HITPOINT WARNING * * *
The steam dragon breathes steam at you. The ball of steam hits you!
* * * LOW HITPOINT WARNING * * *
There is a stone staircase leading up here.
You are engulfed in a cloud of scalding steam.
You climb upwards.
There is a stone staircase leading down here.
HP restored.
Done exploring.
You climb downwards.
There is a stone staircase leading up here.
You bludgeon the steam dragon!! You freeze the steam dragon.
The steam dragon is severely wounded.
The steam dragon closely misses you. The steam dragon barely misses you.
You bludgeon the steam dragon!! You freeze the steam dragon.
You kill the steam dragon!
Okawaru accepts your kill.
Your Maces & Flails skill increases to level 11!
Found an escape hatch in the floor.
You now have 217 gold pieces (gained 15).
You sense a monster nearby.
You open the door.
There is an open door here.
An orc warrior comes into view. It is wielding a +0 scimitar.
The orc warrior shouts!
An orc wizard comes into view. It is wielding a +0 dagger.
There are monsters nearby!
An orc wizard comes into view. It is wielding a +1 dagger of freezing.
The orc wizard shouts!
The orc wizard casts a spell.
The orc wizard flickers and vanishes for a moment.
You barely miss the orc warrior.
The orc warrior hits you with a +0 scimitar!
You closely miss the orc warrior. The orc warrior completely misses you.
You bludgeon the orc warrior!! You freeze the orc warrior!
The orc warrior is almost dead.
The orc warrior closely misses you. The orc warrior barely misses you.
You thump the orc warrior! You freeze the orc warrior.
You kill the orc warrior!
Okawaru accepts your kill.
Okawaru will now gift you throwing weapons as you gain piety.
You sock the orc wizard! You freeze the orc wizard.
The orc wizard is almost dead.
The orc wizard hits you with a +0 dagger.
You sock the orc wizard! You freeze the orc wizard.
You kill the orc wizard!
Okawaru accepts your kill.
You hit the orc wizard. You freeze the orc wizard.
The orc wizard is lightly wounded.
The orc wizard closely misses you.
You bludgeon the orc wizard!! You freeze the orc wizard.
You kill the orc wizard!
Okawaru accepts your kill.
No target in view!
No target in view!
HP restored.
Items here: ))) [[[ †.
Found a stone staircase leading down.
You sense a monster nearby.
You now have 227 gold pieces (gained 10).
A kobold brigand comes into view.
It is wielding a +0 whip and quivering poisoned darts.
The kobold brigand shouts!
A kobold comes into view.
It is wielding a +0 short sword and quivering poisoned darts.
The kobold brigand throws a poisoned dart.
The poisoned dart hits you!
You are poisoned.
There are monsters nearby!
There are monsters nearby!
You feel sick.
You start resting.
You feel sick.
You sense a monster nearby.
No target in view!
You start resting.
You feel sick. x2
A kobold is nearby!
A kobold comes into view. It is wielding a +0 whip.
You feel sick.
A necrophage comes into view.
The kobold brigand throws a poisoned dart.
The poisoned dart hits you!
You are more poisoned.
You flatten the kobold like a pancake!!!
You freeze the kobold.
You kill the kobold!
Okawaru accepts your kill.
You feel sick.
You closely miss the kobold brigand.
You feel sick.
The kobold brigand hits you but does no damage.
You barely miss the kobold brigand.
You feel sick.
The kobold brigand hits you but does no damage.
The kobold brigand hits you with a +0 whip.
You bludgeon the kobold brigand!! You freeze the kobold brigand!
You kill the kobold brigand!
Okawaru accepts your kill.
You feel sick.
You bludgeon the necrophage!! You freeze the necrophage.
You destroy the necrophage!
Okawaru accepts your kill.
You feel sick.
You feel sick. The kobold hits you but does no damage.
Things that are here:
a +0 whip; 2 poisoned darts; a kobold corpse You hit the kobold.
You freeze the kobold.
You kill the kobold!
Okawaru accepts your kill.
You feel sick.
You are no longer poisoned.
No target in view!
No target in view!
A kobold comes into view. It is wielding a +0 short sword.
A kobold is nearby!
A kobold is nearby!
The kobold shouts!
You see here a +0 whip.
The kobold barely misses you.
You closely miss the kobold. The kobold closely misses you.
You bludgeon the kobold!! You freeze the kobold.
You kill the kobold!
Okawaru accepts your kill.
No target in view!
HP restored.
You see here a +0 whip.
o - 6 poisoned darts (gained 2)
Things that are here:
a +0 whip; a kobold corpse
o - 14 poisoned darts (gained 8)
There is a stone staircase leading down, spattered with blood here.
Things that are here:
a +0 short sword; a kobold corpse
Found a ring mail.
You sense a monster nearby.
Found a kite shield.
You see here a +0 kite shield.
H - a potion of heal wounds You open the door.
Found a staircase to the Ecumenical Temple.
You see here a +0 kite shield.
I - a +0 kite shield You sense a monster nearby.
A howler monkey comes into view.
The howler monkey howls!
The howler monkey hoots and howls with incredible vigour!
You hear an angry growl.
You hear a shout! x2
Something shouts, "Beg for mercy, thou paunchy bat-fowling cross-patch!"
You hear a shout!
A howler monkey is nearby!
A howler monkey is nearby! 2 scorpions come into view.
You barely miss the howler monkey.
The howler monkey hits you but does no damage.
You barely miss the scorpion.
The howler monkey hits you but does no damage.
The scorpion barely misses you. The scorpion attacks as you move away!
The scorpion barely misses you.
The howler monkey hoots and howls with incredible vigour!
You hear an angry growl.
You hear a shout! x2; You hear a loud, deep croak!
You hear a shout!
You sock the howler monkey! You freeze the howler monkey.
The howler monkey is almost dead.
The howler monkey hits you but does no damage.
You bludgeon the howler monkey!! You freeze the howler monkey.
You kill the howler monkey!
Okawaru accepts your kill.
You bludgeon the scorpion!! You freeze the scorpion.
You kill the scorpion!
Okawaru accepts your kill. The scorpion barely misses you.
Your Shields skill increases to level 1!
You bludgeon the scorpion!! You freeze the scorpion!
You kill the scorpion!
Okawaru accepts your kill.
No target in view!
No target in view!
No target in view!
No target in view!
No target in view!
No target in view!
No target in view!
No target in view!
No target in view!
No target in view!
Things that are here:
a scorpion corpse; a howler monkey corpse A black bear comes into view.
You hit the black bear. You freeze the black bear.
The black bear is moderately wounded.
The black bear bites you. The black bear misses you.
The black bear claws you but does no damage.
You completely miss the black bear.
The black bear is moderately wounded.
The black bear completely misses you. The black bear claws you.
The black bear closely misses you.
You closely miss the black bear.
The black bear is moderately wounded.
The black bear bites you.
The black bear claws you but does no damage. x2
You sock the black bear! You freeze the black bear.
The black bear is severely wounded.
The black bear bites you but does no damage.
The black bear claws you.
The black bear claws you but does no damage.
You bludgeon the black bear!! You freeze the black bear.
You kill the black bear!
Okawaru accepts your kill.
Your Maces & Flails skill increases to level 12!
Your Shields skill increases to level 2!
No target in view!
Something hits the bush!
Found a stormy altar of Qazlal.
An orc warrior comes into view. It is wielding a +0 flail.
An orc warrior is nearby!
The orc warrior shouts!
A shadow imp comes into view.
The shadow imp sputters.
Things that are here:
a scorpion corpse; a howler monkey corpse You sock the orc warrior!
You freeze the orc warrior.
The orc warrior is almost dead.
The orc warrior hits you with a +0 flail!
You sock the orc warrior! You freeze the orc warrior.
You kill the orc warrior!
Okawaru accepts your kill.
Your Shields skill increases to level 3!
You sock the shadow imp!
The shadow imp is severely wounded.
The shadow imp barely misses you.
You sock the shadow imp!
You kill the shadow imp!
Okawaru accepts your kill.
No target in view!
No target in view!
No target in view!
No target in view!
No target in view!
No target in view!
You sense a monster nearby.
Things that are here:
a +0 flail; a +0 chain mail; an orc corpse
Things that are here:
a scorpion corpse; a howler monkey corpse A white imp comes into view.
A white imp is nearby!
A white imp is nearby!
The white imp shouts, "Fly, thou bawdy hedge-born codpiece!"
You hear a shout! x3
The white imp closely misses you.
You hit the white imp.
The white imp is heavily wounded.
The white imp completely misses you.
You sock the white imp!
You kill the white imp!
Okawaru accepts your kill.
A centaur comes into view. It is wielding a +0 sling.
An orc comes into view. It is wielding a +0 short sword.
The orc shouts!
The centaur shoots a sling bullet.
The sling bullet hits you.
An orc comes into view. It is wielding a +0 morningstar.
You hear a shout!
You barely miss the centaur.
The centaur hits you but does no damage.
The centaur closely misses you.
An orc comes into view. It is wielding a +0 dagger.
An orc wizard comes into view. It is wielding a +0 dagger.
You sock the centaur! You freeze the centaur.
The centaur is severely wounded.
The centaur hits you with a +0 sling.
The centaur kicks you but does no damage.
The centaur hits you with a +0 sling. The centaur closely misses you.
The orc wizard mumbles some strange words.
The orc wizard flickers and vanishes for a moment.
You sock the centaur! You freeze the centaur.
You kill the centaur!
Okawaru accepts your kill.
Things that are here:
a scorpion corpse; a howler monkey corpse The orc attacks as you move away!
The orc closely misses you.
Things that are here:
a +0 flail; a +0 chain mail; an orc corpse You bludgeon the orc!!
You freeze the orc.
You kill the orc!
Okawaru accepts your kill.
The orc throws a stone.
The stone hits you but does no damage.
The orc throws a stone.
The stone hits you.
Items here: )) [[ ††.
The orc barely misses you.
Things that are here:
a scorpion corpse; a howler monkey corpse You hit the orc.
You freeze the orc.
The orc is severely wounded.
The orc barely misses you.
You bludgeon the orc!! You freeze the orc.
You kill the orc!
Okawaru accepts your kill.
You barely miss the orc. You bludgeon the orc wizard!!
You freeze the orc wizard.
You kill the orc wizard!
Okawaru accepts your kill. The orc hits you but does no damage.
You bludgeon the orc!! You freeze the orc.
You kill the orc!
Okawaru accepts your kill.
No target in view!
No target in view!
z - 3 scrolls labelled ANARATR GY FOKH (gained 1)
You now have 246 gold pieces (gained 19).
Items here: ( ))) [[ †.
J - a +6 ring of intelligence;
K - a scroll labelled RAHAUXUCEH You now have 257 gold pieces (gained 11).
Things that are here:
a +0 sling; a +0 shortbow; a centaur corpse
Found a chain mail.
Found a helmet.
You sense a monster nearby.
An ogre comes into view. It is wielding a +0 giant spiked club.
An ogre is nearby!
An ogre is nearby!
The ogre shouts!
You barely miss the ogre. The ogre closely misses you.
You barely miss the ogre. You bludgeon the ogre!! You freeze the ogre.
The ogre is almost dead.
The ogre barely misses you.
You bludgeon the ogre!! You freeze the ogre.
You kill the ogre!
Okawaru accepts your kill.
Your Shields skill increases to level 4!
Found a whip.
i - 8 scrolls labelled COIR MEGGYDEA (gained 1) As you open the door, it creaks loudly!
Found a stone staircase leading down.
There is an open door here.
There is a stone staircase leading down here.
You sense a monster nearby.
A bullfrog comes into view.
The bullfrog barely misses you.
A necrophage comes into view.
The bullfrog hits you but does no damage.
You barely miss the bullfrog.
The bullfrog hits you but does no damage. x2
You bludgeon the bullfrog!!
The bullfrog seems to slow down.
You freeze the bullfrog. Your punch misses the bullfrog.
The bullfrog is almost dead.
The bullfrog hits you.
You sock the bullfrog!
The bullfrog seems to slow down.
You freeze the bullfrog.
You kill the bullfrog!
Okawaru accepts your kill. The necrophage hits you.
You thump the necrophage! You freeze the necrophage.
Your punch misses the necrophage.
The necrophage is moderately damaged.
The necrophage barely misses you.
You barely miss the necrophage.
The necrophage is moderately damaged.
The necrophage hits you but does no damage.
The necrophage hits you.
You feel drained.
You bludgeon the necrophage!! You freeze the necrophage.
You destroy the necrophage!
Okawaru accepts your kill.
You can now speed up your combat.
Your life force feels restored.
No target in view!
No target in view!
Found a stone staircase leading up.
You sense a monster nearby.
L - an amulet of guardian spirit A sky beast comes into view.
A sky beast is nearby!
You bludgeon the sky beast!! You freeze the sky beast.
You kill the sky beast!
Okawaru accepts your kill.
No target in view!
Things that are here:
a +0 sling; a +0 shortbow; a centaur skeleton
Items here: ( ))) [[ ÷.
You see here a howler monkey skeleton.
Items here: )) [[ ÷÷.
You sense a monster nearby.
An orc comes into view. It is wielding a +0 short sword.
Found a grey potion.
The orc shouts!
The orc drinks a potion.
The orc flickers and vanishes for a moment.
An orc is nearby!
You barely miss the orc. The orc hits you but does no damage.
You bludgeon the orc!! You freeze the orc.
You kill the orc!
Okawaru accepts your kill.
q - 2 scrolls labelled ENAIGA ZUEMU (gained 1)
Things that are here:
a +0 short sword; an orc corpse
f - 2 grey potions (gained 1) Key pressed, stopping explore.
No target in view!
There is an open door here.
There is a fountain of clear blue water here.
You open the door.
There is an open door here.
You see here a +0 ring mail.
Found a stone staircase leading up.
You see here a +0 short sword.
You see here a +0 whip.
You see here a +0 whip.
Items here: ))) [[[.
There is an open door here.
Done exploring.
Done exploring.
Done exploring.
Done exploring.
(D) Dungeon (T) Temple
Where to? (Enter - D:7, ? - help)
There is a stone staircase leading down here.
You climb downwards.
There is a stone staircase leading up here.
A wight comes into view. It is wielding a +0 battleaxe.
A wight is nearby!
A wight is nearby!
A wight comes into view. It is wielding a +1 trident.
The wight barely misses you.
You bludgeon the wight!! You freeze the wight.
You destroy the wight!
Okawaru accepts your kill. The wight hits you but does no damage.
Your Shields skill increases to level 5!
You have reached level 10!
The wight hits you but does no damage.
Things that are here:
a +0 battleaxe; a +0 robe You bludgeon the wight!!
You freeze the wight.
You destroy the wight!
Okawaru accepts your kill.
A wight comes into view. It is wielding a +0 halberd.
Things that are here:
a +1 trident; a +0 robe The wight hits you but does no damage.
You bludgeon the wight!! You freeze the wight.
You destroy the wight!
Okawaru accepts your kill.
No target in view!
No target in view!
No target in view!
A wight comes into view. It is wielding a +0 long sword.
Things that are here:
a +0 halberd; a +0 robe You closely miss the wight.
The wight barely misses you.
You barely miss the wight.
The wight hits you with a +0 long sword!
You sock the wight! You freeze the wight.
The wight is severely damaged.
The wight hits you with a +0 long sword.
You feel drained.
You bludgeon the wight!!
You destroy the wight!
Okawaru accepts your kill.
Your life force feels restored.
No target in view!
No target in view!
HP restored.
Found a staircase to the Lair.
Things that are here:
a +0 long sword; a +0 robe
There is a staircase to the Lair here.
A kobold comes into view. It is wielding a +0 dagger.
The kobold shouts!
You hear a shout!
A kobold brigand comes into view.
It is wielding a +0 dagger and quivering poisoned darts.
There are monsters nearby!
There are monsters nearby!
The kobold brigand shouts!
You hear a shout!
A kobold comes into view. It is wielding a +0 whip. x2
The kobold shouts!
A kobold comes into view.
It is wielding a +0 short sword of holy wrath.
The kobold brigand throws a poisoned dart.
The poisoned dart hits you!
You are poisoned.
You feel sick.
You feel sick.
You feel sick.
The kobold brigand throws a poisoned dart.
The poisoned dart barely misses you.
You feel sick.
The kobold brigand hits you with a +0 dagger.
You barely miss the kobold brigand.
You feel sick. The kobold brigand misses you.
You thump the kobold brigand! You freeze the kobold brigand.
The kobold brigand is severely wounded.
You feel sick.
The kobold brigand hits you with a +0 dagger.
You barely miss the kobold brigand.
The kobold brigand is severely wounded.
You feel sick.
You are no longer poisoned.
The kobold brigand hits you but does no damage. x2
You closely miss the kobold brigand.
The kobold brigand is severely wounded.
The kobold brigand hits you but does no damage.
You hit the kobold brigand. You freeze the kobold brigand.
The kobold brigand is almost dead.
The kobold brigand hits you but does no damage.
You completely miss the kobold brigand.
The kobold brigand is almost dead.
The kobold brigand hits you with a +0 dagger.
You closely miss the kobold brigand.
The kobold brigand is almost dead.
The kobold brigand hits you with a +0 dagger.
You closely miss the kobold brigand.
The kobold brigand is almost dead.
The kobold brigand hits you with a +0 dagger.
You hit the kobold brigand. You freeze the kobold brigand.
You kill the kobold brigand!
Okawaru accepts your kill.
You closely miss the kobold. The kobold closely misses you.
You barely miss the kobold. The kobold hits you but does no damage.
You bludgeon the kobold!! You freeze the kobold.
You kill the kobold!
Okawaru accepts your kill.
You bludgeon the kobold!! You freeze the kobold.
You kill the kobold!
Okawaru accepts your kill.
You crush the kobold like a grape!!! You freeze the kobold.
You kill the kobold!
Items here: (( )))) †.
You closely miss the kobold. The kobold completely misses you.
The kobold hits you with a +0 whip.
You bludgeon the kobold!! You freeze the kobold.
You kill the kobold!
No target in view!
No target in view!
No target in view!
No target in view!
No target in view!
No target in view!
No target in view!
No target in view!
No target in view!
No target in view!
No target in view!
No target in view!
o - 16 poisoned darts (gained 2)
Items here: ( )))) †.
Things that are here:
a +0 whip; a kobold corpse
Found 2 stones.
You now have 278 gold pieces (gained 21).
A howler monkey comes into view.
Found 11 gold pieces.
The howler monkey howls!
A howler monkey is nearby!
The howler monkey hits you.
You see here 11 gold pieces.
You hit the howler monkey but do no damage.
The howler monkey hits you but does no damage.
You sock the howler monkey! You freeze the howler monkey.
The howler monkey is almost dead.
The howler monkey hits you.
You sock the howler monkey! You freeze the howler monkey.
You kill the howler monkey!
Okawaru accepts your kill.
No target in view!
No target in view!
You now have 289 gold pieces (gained 11).
You sense a monster nearby.
A howler monkey comes into view.
The howler monkey howls!
A howler monkey is nearby!
The howler monkey hits you.
The howler monkey hits you but does no damage.
You bludgeon the howler monkey!! You freeze the howler monkey!
You kill the howler monkey!
Okawaru accepts your kill.
No target in view!
No target in view!
No target in view!
No target in view!
No target in view!
z - 4 scrolls labelled ANARATR GY FOKH (gained 1)
f - 3 grey potions (gained 1)
g - 4 blue potions (gained 1)
You open the door.
There is an open door here.
A jelly and an orc come into view.
The jelly quivers.
The orc shouts!
An orc warrior comes into view. It is wielding a +0 vorpal hand axe.
There are monsters nearby!
There are monsters nearby!
There are monsters nearby!
An orc comes into view.
It is wielding a +1 hand axe of electrocution.
The orc shouts!
There is an open door here.
You sock the jelly! You freeze the jelly.
Your hands burn!
The jelly is almost dead.
An orc wizard comes into view. It is wielding a +0 dagger.
The jelly hits you but does no damage.
You bludgeon the jelly!! You freeze the jelly.
You kill the jelly!
Okawaru accepts your kill.
Your Shields skill increases to level 6!
You closely miss the orc warrior.
The orc warrior hits you but does no damage.
You hit the orc warrior. You freeze the orc warrior.
The orc warrior is moderately wounded.
The orc warrior hits you but does no damage.
You bludgeon the orc warrior!! You freeze the orc warrior!
You kill the orc warrior!
Okawaru accepts your kill.
You thump the orc! You freeze the orc.
You kill the orc!
Okawaru accepts your kill.
The orc wizard casts a spell.
The orc wizard flickers and vanishes for a moment.
You hit the orc but do no damage. The orc closely misses you.
You bludgeon the orc!! You freeze the orc.
You kill the orc!
Okawaru accepts your kill.
You closely miss the orc wizard.
The orc wizard hits you but does no damage.
You bludgeon the orc wizard!! You freeze the orc wizard.
You kill the orc wizard!
Okawaru accepts your kill.
No target in view!
Items here: )))) [[[ †.
Found a trident.
You sense a monster nearby.
A kobold comes into view. It is wielding a +0 dagger.
The kobold shouts!
You hear a shout! x5
A kobold is nearby!
A kobold is nearby!
A kobold is nearby!
A kobold brigand and 2 kobolds come into view.
The kobold brigand is wielding a +0 club and quivering poisoned darts.
The kobold shouts!
You hear a shout!
A kobold comes into view.
It is wielding a +2 short sword of electrocution and carrying a wand of acid (7).
The kobold moves out of view.
Something shouts, "Scamper hence, thou unctious sheep-biting nightsoil!"
You bludgeon the kobold!! You freeze the kobold.
You kill the kobold!
A kobold comes into view. It is wielding a +0 short sword.
A shadow imp comes into view.
The kobold brigand hits you but does no damage.
A kobold comes into view. It is wielding a +0 short sword.
The kobold moves out of view.
You barely miss the kobold brigand. The kobold brigand barely misses you.
You completely miss the kobold brigand. You hit the kobold brigand.
You freeze the kobold brigand.
The kobold brigand is moderately wounded.
The kobold brigand hits you but does no damage.
You closely miss the kobold brigand.
The kobold brigand is moderately wounded.
The kobold zaps a wand.
The bolt of acid hits you. The acid corrodes you!
The kobold brigand hits you but does no damage.
You miss the kobold brigand.
The kobold brigand is moderately wounded.
The kobold zaps a wand.
The bolt of acid hits you!
The kobold brigand hits you with a +0 club.
You sock the kobold brigand! You freeze the kobold brigand.
The kobold brigand is almost dead.
The kobold hits you with a +2 short sword of electrocution.
You are electrocuted!
* * * LOW HITPOINT WARNING * * *
The kobold brigand barely misses you.
You bludgeon the kobold!! You freeze the kobold.
You kill the kobold!
Okawaru accepts your kill.
The kobold brigand hits you but does no damage.
You bludgeon the kobold!! You freeze the kobold.
You kill the kobold!
Okawaru accepts your kill.
The kobold brigand hits you with a +0 club.
* * * LOW HITPOINT WARNING * * *
The shadow imp shouts, "Scamper hence, thou paunchy folly-fallen dingleberry!"
You closely miss the kobold. The kobold hits you but does no damage.
The kobold brigand hits you but does no damage.
You bludgeon the kobold!! You freeze the kobold.
You kill the kobold!
Okawaru accepts your kill. The kobold brigand barely misses you.
You sock the kobold! You freeze the kobold.
You kill the kobold!
Okawaru accepts your kill.
The kobold brigand hits you with a +0 club.
* * * LOW HITPOINT WARNING * * *
You bludgeon the kobold brigand!! You freeze the kobold brigand.
You kill the kobold brigand!
Okawaru accepts your kill. The kobold hits you but does no damage.
You closely miss the kobold. The kobold closely misses you.
You hit the kobold. You freeze the kobold.
You kill the kobold!
Items here: ( ))))) / [[ †††.
You sock the shadow imp! You freeze the shadow imp.
You kill the shadow imp!
Okawaru accepts your kill.
You are no longer corroded.
B - a wand of acid (9) (gained 5 charges)
Items here: ( ))))) [[ †††.
o - 21 poisoned darts (gained 5)
Items here: )) ††.
You now have 307 gold pieces (gained 18).
Found a leather armour.
Found a stone staircase leading down.
You see here a +0 leather armour.
There is a stone staircase leading down here.
Found a stone staircase leading down.
Found a leather armour.
There is a stone staircase leading down here.
e - 4 scrolls labelled JUETZU ZABOAN (gained 1)
z - 5 scrolls labelled ANARATR GY FOKH (gained 1)
M - a scroll labelled SIOCVO BABRI
Found a stone staircase leading down.
Found an escape hatch in the ceiling.
A kobold comes into view.
It is wielding a +2 short sword of holy wrath.
A kobold is nearby!
The kobold shouts!
A kobold comes into view. It is wielding a +0 whip.
The kobold shouts!
You hear a shout! x2
A kobold brigand comes into view.
It is wielding a +0 whip and quivering poisoned darts.
You closely miss the kobold.
A kobold comes into view. It is wielding a +0 short sword.
The kobold hits you with a +2 short sword of holy wrath.
You bludgeon the kobold!! You freeze the kobold.
You kill the kobold!
A kobold comes into view. It is wielding a +0 club.
The kobold shouts!
You bludgeon the kobold!! You freeze the kobold.
You kill the kobold!
A kobold comes into view.
It is wielding a +0 club and quivering poisoned darts.
A kobold comes into view. It is wielding a +0 short sword.
The kobold shouts! x2
Items here: ( )) ††.
You hit the kobold brigand. You freeze the kobold brigand.
The kobold brigand is lightly wounded.
The kobold throws a stone.
The stone hits you but does no damage.
The kobold brigand hits you but does no damage.
You closely miss the kobold brigand.
The kobold brigand is lightly wounded.
The kobold brigand hits you but does no damage.
You sock the kobold brigand! You freeze the kobold brigand.
The kobold brigand is severely wounded.
The kobold brigand hits you with a +0 whip.
You hit the kobold brigand. You freeze the kobold brigand.
The kobold brigand is severely wounded.
The kobold closely misses you.
The kobold brigand hits you but does no damage.
You barely miss the kobold brigand.
The kobold brigand is severely wounded.
The kobold hits you but does no damage. x2
The kobold hits you with a +0 short sword.
The kobold brigand hits you but does no damage.
You completely miss the kobold brigand.
The kobold brigand is severely wounded.
The kobold hits you but does no damage. x3
You sock the kobold brigand! You freeze the kobold brigand.
You kill the kobold brigand!
Okawaru accepts your kill.
The kobold closely misses you. x2; The kobold hits you with a +0 club.
The kobold barely misses you.
The kobold hits you but does no damage. x2
The kobold hits you with a +0 club. The kobold closely misses you.
You bludgeon the kobold!! You freeze the kobold.
You kill the kobold!
Okawaru accepts your kill. The kobold barely misses you.
The kobold hits you but does no damage. The kobold closely misses you.
You closely miss the kobold. The kobold hits you but does no damage.
The kobold hits you with a +0 club. The kobold barely misses you.
You barely miss the kobold. The kobold barely misses you.
The kobold closely misses you. The kobold barely misses you.
You barely miss the kobold. The kobold completely misses you.
The kobold closely misses you. The kobold misses you.
You hit the kobold. You freeze the kobold.
You kill the kobold!
The kobold barely misses you. The kobold closely misses you.
You sock the kobold! You freeze the kobold.
You kill the kobold!
The kobold hits you but does no damage.
You sock the kobold! You freeze the kobold.
You kill the kobold!
No target in view!
No target in view!
No target in view!
No target in view!
No target in view!
No target in view!
No target in view!
No target in view!
No target in view!
o - 25 poisoned darts (gained 4)
You see here a +0 whip.
o - 32 poisoned darts (gained 7)
Things that are here:
a +0 club; a kobold corpse You sense a monster nearby.
A wight comes into view.
It is wielding a +2 long sword of electrocution.
You hit the wight.
The wight is lightly damaged.
The wight hits you with a +2 long sword of electrocution.
You feel drained.
You thump the wight!
The wight is heavily damaged.
The wight barely misses you.
You bludgeon the wight!!
You destroy the wight!
Okawaru accepts your kill.
Your life force feels restored.
No target in view!
You start putting on your armour.
You continue putting on your +0 kite shield. x4
You finish putting on your +0 kite shield.
Things that are here:
a +2 long sword of electrocution; a +0 robe A wight comes into view.
It is wielding a +0 halberd.
A wight is nearby!
A wight is nearby!
A shadow imp comes into view.
The shadow imp shouts!
You hear a loud, deep croak!
You hear a bellow!
A bullfrog comes into view.
A kobold brigand, a yak and a wight come into view.
The kobold brigand is wielding a +0 short sword and quivering curare-tipped darts.
The yak bellows!
The wight hits you but does no damage.
The wight moves out of view.
You bludgeon the wight!! You freeze the wight.
You destroy the wight!
Okawaru accepts your kill.
A necrophage comes into view.
A wight comes into view.
It is wielding a +0 great sword and wearing a +2 robe of cold resistance.
Your Shields skill increases to level 7!
A wight comes into view.
It is wielding a +3 battleaxe of freezing.
The bullfrog barely misses you.
Things that are here:
a +0 halberd; a +0 robe You closely miss the bullfrog.
The bullfrog hits you.
The bullfrog hits you but does no damage.
The shadow imp hits you.
The shadow imp attacks as you move away!
The shadow imp completely misses you. The bullfrog closely misses you.
The kobold brigand throws a curare-tipped dart.
The curare-tipped dart hits you.
You are poisoned.
You have difficulty breathing.
Your stasis prevents you from being slowed.
The shadow imp attacks as you move away!
You block the shadow imp's attack.
You feel very sick. The bullfrog attacks as you move away!
You block the bullfrog's attack.
The shadow imp attacks as you move away!
You block the shadow imp's attack.
You feel very sick. The bullfrog hits you.
You feel very sick.
Things that are here:
a +2 long sword of electrocution; a +0 robe You feel sick.
The bullfrog hits you but does no damage.
You feel sick. The bullfrog attacks as you move away! The bullfrog hits you.
* * * LOW HITPOINT WARNING * * *
You feel sick. The bullfrog misses you. The bullfrog attacks as you move away!
You block the bullfrog's attack.
You feel sick.
You hit the bullfrog.
The bullfrog seems to slow down.
You freeze the bullfrog.
The bullfrog is moderately wounded.
You feel sick. You block the bullfrog's attack.
The bullfrog closely misses you.
You barely miss the bullfrog.
The bullfrog is moderately wounded.
You feel sick. You block the bullfrog's attack.
You sock the bullfrog! You freeze the bullfrog.
The bullfrog is severely wounded.
You feel sick.
You are no longer poisoned.
The yak snorts and paws the ground.
The bullfrog hits you but does no damage.
You barely miss the bullfrog.
The bullfrog is severely wounded.
The bullfrog is no longer moving slowly.
You block the bullfrog's attack.
You sock the bullfrog! You freeze the bullfrog.
You kill the bullfrog!
Okawaru accepts your kill.
The yak snorts and paws the ground.
Your Maces & Flails skill increases to level 13!
The shadow imp attacks as you move away!
The shadow imp hits you but does no damage.
You barely miss the shadow imp. The shadow imp hits you.
* * * LOW HITPOINT WARNING * * *
Aiming: Corrosive Bolt
Press: ? - help, Shift-Dir - straight line, f - shadow imp
Aim: a shadow imp (68% to hit)
The bolt of acid hits the shadow imp!
The acid corrodes the shadow imp!
The shadow imp is almost dead.
The bolt of acid hits the yak!
The acid corrodes the yak!
The yak is moderately wounded.
The bolt of acid hits the wight!
The acid corrodes the wight!
The wight is heavily damaged.
The bolt of acid hits the wight!
The wight is heavily damaged.
The bolt of acid hits the necrophage!
The acid corrodes the necrophage!
The necrophage is moderately damaged.
The shadow imp hits you.
* * * LOW HITPOINT WARNING * * *
Okay, then.
As you read the scroll labelled ANARATR GY FOKH, it crumbles to dust.
You feel a strange sense of stasis.
It was a scroll of teleportation.
The shadow imp hits you.
* * * LOW HITPOINT WARNING * * *
Okay, then.
You gain the combat prowess of a mighty hero.
The shadow imp closely misses you.
You bludgeon the shadow imp!!
You kill the shadow imp!
Okawaru accepts your kill.
You bludgeon the yak!! You freeze the yak.
The yak is almost dead.
You block the yak's attack.
You bludgeon the yak!! You freeze the yak.
You kill the yak!
Okawaru accepts your kill.
You sock the wight!
You destroy the wight!
Okawaru accepts your kill.
You crush the wight like a grape!!!
You destroy the wight!
Okawaru accepts your kill.
You swing at nothing.
You sock the necrophage! You freeze the necrophage.
The necrophage is almost destroyed.
The necrophage closely misses you.
You crush the necrophage like a grape!!!
You freeze the necrophage.
You destroy the necrophage!
Okawaru accepts your kill.
The kobold brigand throws a curare-tipped dart.
You block the curare-tipped dart.
You swing at nothing.
The kobold brigand throws a curare-tipped dart.
The curare-tipped dart barely misses you.
You block the kobold brigand's attack.
Items here: )) [[ †.
You sock the kobold brigand! You freeze the kobold brigand.
The kobold brigand is severely wounded.
You feel like a meek peon again.
The kobold brigand hits you with a +0 short sword.
* * * LOW HITPOINT WARNING * * *
You bludgeon the kobold brigand!! You freeze the kobold brigand.
You kill the kobold brigand!
Okawaru accepts your kill.
You closely miss the wight. The wight hits you but does no damage.
You barely miss the wight. You block the wight's attack.
The wight hits you with a +3 battleaxe of freezing!
* * * LOW HITPOINT WARNING * * *
The wight freezes you.
* * * LOW HITPOINT WARNING * * *
You hit the wight.
The wight is lightly damaged.
The wight barely misses you.
You hit the wight but do no damage.
The wight is lightly damaged.
The wight hits you with a +3 battleaxe of freezing.
You die...

#.# #.#.# #.# #.#.# #.#
#.#.# #.# #.# #.# .# #.#
.# # # #.# .#.#≈≈
#.##################.#.≈#
#........@z...)........~#
###############........~#
{ ...........)...~# {
#######.####...~# #..
...~# { ##. ...~.. .#
...~.. .# ...~.. ..
...~#+


You could see a wight.

Vanquished Creatures
  A yak (D:8)
  A steam dragon (D:7)
  3 orc warriors
  An ice beast (D:4)
  A sky beast (D:7)
  4 black bears
  4 ogres
  A centaur (D:7)
  5 kobold brigands
  2 bullfrogs
  5 necrophages
  2 gnoll sergeants
  4 scorpions
  8 wights (D:8)
  4 howler monkeys
  Crazy Yiuf (D:3)
  4 hounds
  An orc priest (D:4)
  2 jellies
  4 orc wizards
  Natasha (D:3)
  Terence (D:2)
  6 gnolls
  7 adders
  3 shadow imps
  2 white imps
  2 worms
  6 dart slugs
  20 orcs
  6 ball pythons
  3 endoplasms
  2 giant cockroaches (D:2)
  5 goblins
  9 hobgoblins
  10 jackals
  4 quokkas
  5 bats
  3 frilled lizards
  26 kobolds
  5 rats
184 creatures vanquished.

Vanquished Creatures (others)
  A fungus (D:3)
1 creature vanquished.

Grand Total: 185 creatures vanquished

Notes
Turn   | Place    | Note
-------+----------+-------------------------------------------
     0 | D:1      | sleeves the Formicid Warper began the quest for the Orb.
     0 | D:1      | Reached XP level 1. HP: 16/16 MP: 3/3
     3 | D:1      | Noticed an electric eel
     4 | D:1      | Noticed an electric eel
   206 | D:1      | Reached XP level 2. HP: 22/22 MP: 5/5
   299 | D:1      | Reached skill level 3 in Maces & Flails
   630 | D:1      | Reached XP level 3. HP: 26/27 MP: 6/6
  1052 | D:2      | HP: 13/27 [poisoned by an adder]
  1057 | D:2      | HP: 7/27 [poisoned by an adder]
  1059 | D:2      | HP: 2/27 [poisoned by an adder]
  1064 | D:2      | HP: 12/27 [poisoned by an adder]
  1069 | D:2      | HP: 7/27 [adder (4)]
  1073 | D:2      | HP: 3/27 [poisoned by an adder]
  1075 | D:2      | HP: 1/27 [poisoned by an adder]
  1144 | D:2      | HP: 12/27 [goblin/+0 club (2)]
  1316 | D:2      | Reached skill level 4 in Maces & Flails
  1316 | D:2      | Reached XP level 4. HP: 32/33 MP: 7/7
  1370 | D:2      | HP: 14/33 [adder (3)]
  1375 | D:2      | HP: 6/33 [poisoned by an adder]
  1382 | D:2      | HP: 5/33 [kobold/+0 dagger (2)]
  1395 | D:2      | Noticed Terence
  2115 | D:2      | HP: 15/33 [worm (10)]
  2118 | D:2      | HP: 6/33 [worm (10)]
  2262 | D:2      | HP: 16/33 [Terence/+0 short sword (4)]
  2266 | D:2      | Killed Terence
  2267 | D:2      | Reached XP level 5. HP: 16/38 MP: 8/8
  2452 | D:3      | Reached skill level 5 in Maces & Flails
  3053 | D:3      | Noticed Natasha
  3069 | D:3      | Killed Natasha
  3160 | D:3      | Reached skill level 6 in Maces & Flails
  3160 | D:3      | Reached XP level 6. HP: 44/44 MP: 9/9
  3181 | D:3      | Found a faded altar of an unknown god.
  3299 | D:3      | Found a runed translucent door.
  3300 | D:3      | Noticed Crazy Yiuf
  3306 | D:3      | HP: 21/44 [Crazy Yiuf/+4 quarterstaff of chaos (12)]
  3308 | D:3      | Killed Crazy Yiuf
  3448 | D:4      | Noticed a black bear
  3573 | D:4      | Killed a black bear
  3574 | D:4      | Reached skill level 7 in Maces & Flails
  3574 | D:4      | Reached XP level 7. HP: 43/50 MP: 10/10
  3746 | D:4      | Found an iron altar of Okawaru.
  3833 | D:4      | Found a basalt altar of Yredelemnul.
  3841 | D:4      | Became a worshipper of Warmaster Okawaru
  3859 | D:5      | Entered Level 5 of the Dungeon
  3995 | D:4      | Reached skill level 8 in Maces & Flails
  4050 | D:5      | Found a glowing silver altar of Zin.
  4051 | D:5      | Found an opulent altar of Gozag.
  4160 | D:5      | HP: 23/50 [gnoll sergeant/+0 spear (11)]
  4162 | D:5      | Reached * piety under Okawaru
  4163 | D:5      | Reached XP level 8. HP: 27/56 MP: 11/11
  4175 | D:4      | HP: 25/56 [orc/+0 flail (6)]
  4523 | D:5      | Reached skill level 9 in Maces & Flails
  4725 | D:5      | Reached ** piety under Okawaru
  4726 | D:5      | Reached skill level 10 in Maces & Flails
  5420 | D:6      | Found Gocued's Antique Weapon Boutique.
  5423 | D:6      | Bought an iridescent great mace for 207 gold pieces
  5423 | D:6      | Identified the +9 great mace of Doors {freeze, Str+6} (You
                  | bought it in a shop on level 6 of the Dungeon)
  5469 | D:6      | Reached XP level 9. HP: 38/61 MP: 12/12
  5634 | D:6      | Identified the +8 hand axe "Iprarog" {venom, *Rage Str+5
                  | Int+10 Dex-5}
  6084 | D:7      | HP: 27/61 [something] (9)]
  6090 | D:7      | HP: 17/61 [something/ball of steam (12)]
  6240 | D:7      | Reached skill level 11 in Maces & Flails
  6274 | D:7      | Reached *** piety under Okawaru
  6472 | D:7      | Found a staircase to the Ecumenical Temple.
  6492 | D:7      | Reached skill level 1 in Shields
  6504 | D:7      | Reached skill level 12 in Maces & Flails
  6504 | D:7      | Reached skill level 2 in Shields
  6542 | D:7      | Found a stormy altar of Qazlal.
  6563 | D:7      | Reached skill level 3 in Shields
  6662 | D:7      | Reached skill level 4 in Shields
  6725 | D:7      | Reached **** piety under Okawaru
  7059 | D:8      | Reached skill level 5 in Shields
  7059 | D:8      | Reached XP level 10. HP: 67/67 MP: 13/13
  7124 | D:8      | Found a staircase to the Lair.
  7401 | D:8      | Reached skill level 6 in Shields
  7448 | D:8      | HP: 32/67 [kobold/+2 short sword of electrocution (15)]
  7453 | D:8      | HP: 29/67 [kobold brigand/+0 club (1)]
  7805 | D:8      | Reached skill level 7 in Shields
  7812 | D:8      | HP: 33/67 [poisoned by a kobold brigand (curare-tipped
                  | dart)]
  7817 | D:8      | HP: 24/67 [poisoned by a kobold brigand (curare-tipped
                  | dart)]
  7821 | D:8      | Reached skill level 13 in Maces & Flails
  7823 | D:8      | HP: 19/67 [shadow imp (5)]
  7837 | D:8      | HP: 17/67 [kobold brigand/+0 short sword (1)]
  7840 | D:8      | HP: 6/67 [wight/+3 battleaxe of freezing (12)]
  7840 | D:8      | HP: 1/67 [wight/+3 battleaxe of freezing (5)]
  7842 | D:8      | Slain by a wight

Illustrated notes

Levels and vault maps discovered:
D:1:      arrival_aquarium_b, layout_loops_corners
D:2:      layout_basic, minmay_misc_feat_doors, amcnicky_mini_corridor_feature,
          uniq_terence
D:3:      layout_basic, serial_glass, glass_columns_b, glass_columns_a,
          hellmonk_ecumenical_altar_run_dry, dreamdust_princess_corridor,
          uniq_crazy_yiuf_cottage, uniq_natasha
D:4:      wander_river, layout_rooms, mainiacjoe_overflow_big_doors
D:5:      layout_basic, grunt_temple_overflow_gold_and_silver,
          chequers_serial_rivers_micro_d, minivault_25, minmay_liquid_box
D:6:      layout_loops_corners, serial_shops, shop_statue
D:7:      layout_basic, mainiacjoe_overflow_boulevard, temple_doors_e,
          minmay_diced_spiral
D:8:      cheibrodos_ideogram_h, layout_basic

Skill      XL: |  1  2  3  4  5  6  7  8  9 10 |
---------------+-------------------------------+-----
Maces & Flails | 3 4 6 7 8 10 12 13 | 13.1
Shields        | 5 7 |  7.7
Fighting       | |  2.1
Throwing       | |  1.0
Armour         | |  1.1
Dodging        | |  1.7
Spellcasting   | |  2.1
Translocations | |  2.6

Action                   |  1- 3 |  4- 6 |  7- 9 | 10-12 || total
-------------------------+-------+-------+-------+-------++-------
Melee: Mace              |    92 |   169 |   156 |       ||   417
       Punch             |     1 |     1 |     1 |       ||     3
       Great mace        |       |       |    73 |    93 ||   166
Throw: Boomerang         |     4 |     1 |       |       ||     5
       Dart              |     2 |     7 |       |       ||     9
       Throwing net      |     1 |     1 |       |       ||     2
Invok: Heroism           |       |       |       |     1 ||     1
Evoke: Wand              |       |       |     9 |     1 ||    10
  Use: Potion            |     1 |       |       |       ||     1
       Scroll            |       |       |       |     1 ||     1
 Stab: Sleeping          |     2 |       |       |       ||     2
       Invisible         |       |     1 |       |       ||     1
Armor: Leather armour    |    25 |    26 |       |       ||    51
       Scale mail        |       |    64 |   123 |    41 ||   228
Dodge: Dodged            |    59 |    99 |   127 |    36 ||   321
Block: Kite shield       |       |       |       |    11 ||    11

Table legend: (Time is in decaauts)
 A = Elapsed time spent in this place.
 B = Non-inter-level travel time spent in this place.
 C = Inter-level travel time spent in this place.
 D = Time resting spent in this place.
 E = Time spent auto-exploring this place.
 F = Levels seen in this place.
 G = Mean time per level.
                   A        B        C        D        E       F      G
               +--------+--------+--------+--------+--------+-----+--------+
         Total |   7923 |   7384 |    539 |    196 |   5577 |   8 |  990.4 |
       Dungeon |   7923 |   7384 |    539 |    196 |   5577 |   8 |  990.4 |
               +--------+--------+--------+--------+--------+-----+--------+

Top non-repeatable levels by time:
     D:2: 1284 daAuts
     D:1: 1193 daAuts
     D:6: 1144 daAuts
     D:3: 1047 daAuts
     D:5: 905 daAuts
     D:7: 890 daAuts
     D:8: 794 daAuts
     D:4: 663 daAuts
